 Dungeon Crawl Stone Soup version 0.21.0-25-ge575cb9ce8 (webtiles) character file.

58 Hat the Chopper (level 3, -2/33 HPs)
             Began as a Deep Dwarf Berserker on Jan 25, 2018.
             Was a Believer of Trog.
             Killed from afar by Natasha (5 damage)
             ... with a magic dart
             ... on level 2 of the Dungeon.
             The game lasted 00:05:47 (1242 turns).

Hat the Chopper (Deep Dwarf Berserker)              Turns: 1242, Time: 00:05:48

Health: -2/33      AC: 11    Str: 21    XL:     3   Next: 75%
Magic:  3/3        EV:  7    Int:  7    God:    Trog [**....]
Gold:   44         SH:  0    Dex: 12    Spells: 2/2 levels left

rFire    . . .     SeeInvis .   a - +0 hand axe
rCold    . . .     Gourm    .   (no shield)
rNeg     . . .     Faith    .   h - +0 plate armour
rPois    .         Spirit   .   (no helmet)
rElec    .         Reflect  .   (no cloak)
rCorr    .         Harm     .   (no gloves)
MR       .....                  (no boots)
Stlth    ..........             (no amulet)
HPRegen  0.00/turn              (no ring)
MPRegen  0.08/turn              (no ring)

@: non-regenerating, slowed, very slow
A: damage resistance, heal wounds, sense surroundings 1, no regeneration
a: Heal Wounds, Berserk, Trog's Hand, Burn Spellbooks, Renounce Religion


You were on level 2 of the Dungeon.
You worshipped Trog.
Trog was pleased with you.
You were not hungry.

You visited 1 branch of the dungeon, and saw 3 of its levels.

You collected 44 gold pieces.

Inventory:

Hand Weapons
 a - a +0 hand axe (weapon)
Armour
 h - a +0 plate armour (worn)
Scrolls
 g - a scroll of immolation {unknown}
 i - a scroll of enchant weapon {unknown}
 j - a scroll of random uselessness {unknown}
 k - a scroll of teleportation {unknown}
 l - a scroll of magic mapping {unknown}
Potions
 b - a potion of mutation {unknown}
 e - a potion of lignification {unknown}
 f - 2 potions of heal wounds {unknown}
Comestibles
 c - a ration
 d - 7 chunks of flesh


   Skills:
 - Level 2.7 Fighting
 + Level 5.1 Axes
 - Level 2.2 Armour
 - Level 2.2 Dodging


You had 2 spell levels left.
You didn't know any spells.

Dungeon Overview and Level Annotations

Branches:
Dungeon (3/15)

Altars:
Elyvilon

Annotations:
D:2 Natasha


Innate Abilities, Weirdness & Mutations

You are resistant to damage.
You can heal yourself by infusing magical energy.
You passively map a small area around you.
You do not regenerate.


Message History

You closely miss the crimson imp. The crimson imp barely misses you.
Natasha claws you but does no damage.
The crimson imp blinks!
The crimson imp hits you but does no damage.
Natasha casts a spell at you. The magic dart hits you!
* * * LOW HITPOINT WARNING * * *
You hit Natasha but do no damage.
Natasha is severely wounded.
You hit the crimson imp.
The crimson imp disappears in a puff of smoke!
The crimson imp hits you but does no damage.
Natasha claws you but does no damage.
You closely miss Natasha.
Natasha is severely wounded.
You closely miss the crimson imp.
The crimson imp hits you but does no damage.
Natasha claws you but does no damage.
The crimson imp blinks!
Natasha casts a spell at you. The magic dart hits you!
You die...

, , , *.. , * *##.# * *,,
..... , ,..... , ..... *
###..# * ,, *,** *#@h5.# *
#ยง##.# .P , #.# * , ... *
*#.# *, #.# , * #.# , #.#
#5# , , ,* ##.## ##### #.# *
###...###...####.########.##
...._.....P...##.##.....
r..* ,


You could see Natasha and 2 crimson imps.

Vanquished Creatures
  2 adders (D:2)
  2 worms
  A dart slug (D:1)
  A leopard gecko (D:1)
  A ball python (D:1)
  2 giant cockroaches (D:1)
  4 goblins (D:1)
  4 hobgoblins
  6 bats
  4 frilled lizards
  3 kobolds (D:1)
  A rat (D:1)
31 creatures vanquished.

Notes
Turn   | Place    | Note
-------+----------+-------------------------------------------
     0 | D:1      | Hat the Deep Dwarf Berserker began the quest for the Orb.
     0 | D:1      | Reached XP level 1. HP: 20/20 MP: 1/1
   119 | D:1      | Reached XP level 2. HP: 25/27 MP: 2/2
   261 | D:1      | Reached skill level 4 in Axes
   970 | D:1      | Reached XP level 3. HP: 20/33 MP: 3/3
  1143 | D:2      | Reached ** piety under Trog
  1148 | D:2      | Found a white marble altar of Elyvilon.
  1187 | D:2      | Reached skill level 5 in Axes
  1229 | D:2      | Noticed Natasha
  1242 | D:2      | Killed from afar by Natasha

Skill      XL: |  1  2  3 |
---------------+----------+-----
Axes           | 4 5 |  5.1
Fighting       | |  2.7
Armour         | |  2.2
Dodging        | |  2.2

Action                   || total
-------------------------++-------
Melee: Hand axe          ||   150
 Stab: Sleeping          ||     2
  Eat: Chunk             ||     1
Armor: Animal skin       ||    26
       Plate armour      ||    49
Dodge: Dodged            ||    76
